 Dungeon Crawl Stone Soup version 0.30-a0-1035-g38d5fb2972 (webtiles) character file.

Game seed: 16501144610320103347

1290 holysushi the Slicer (level 8, -1/46 HPs)
             Began as a Kobold Monk on Apr 9, 2023.
             Slain by a kobold brigand
             ... wielding a +0 whip
              (6 damage)
             ... on level 6 of the Dungeon.
             The game lasted 00:08:36 (5307 turns).

holysushi the Slicer (Kobold Monk)                  Turns: 5307, Time: 00:08:36

Health: -1/46      AC: -1    Str:  8      XL:     8   Next: 85%
Magic:  8/8        EV: 17    Int: 11      God:
Gold:   269        SH:  0    Dex: 18 (20) Spells: 7/7 levels left

rFire   + . .      SeeInvis .    b - +6 falchion (protect)
rCold   . . .      Faith    .    (no shield)
rNeg    . . .      Spirit   .    i - +1 robe of Sevich {rPois rF+}
rPois   +          Reflect  .    (no helmet)
rElec   .          Rampage  .    (no cloak)
rCorr   .                        (no gloves)
Will    .....                    (no boots)
Stlth   ++++                     (no amulet)
HPRegen 0.27/turn                (no ring)
MPRegen 0.11/turn                (no ring)

@: weak-willed, corroded
A: small, no large weapons, nightstalker 3
a: no special abilities


You were on level 6 of the Dungeon.
You visited 1 branch of the dungeon, and saw 6 of its levels.

You collected 269 gold pieces.

Inventory:

Hand Weapons
 a - a +2 dagger of freezing
 b - a +6 falchion of protection (weapon)
 o - a +0 short sword
 v - a +0 shortbow
Armour
 i - the +1 robe of Sevich (worn) {rPois rF+}
   (You found it on level 3 of the Dungeon)

   rF:        It protects you from fire.
   rPois:     It protects you from poison.
 q - a +0 robe
Jewellery
 f - a ring of flight
Wands
 r - a wand of polymorph (6)
Scrolls
 c - 4 scrolls of identify
 d - a scroll of vulnerability
 e - a scroll of noise {unknown}
 g - a scroll of amnesia
 k - a scroll of poison
 l - 2 scrolls of enchant weapon {unknown}
 n - a scroll of brand weapon {unknown}
Potions
 h - a potion of heal wounds
 j - 2 potions of magic
 m - 2 potions of attraction {unknown}
 p - 2 potions of mutation {unknown}
 s - a potion of lignification {unknown}
 t - a potion of invisibility {unknown}
 u - a potion of berserk rage {unknown}


   Skills:
 - Level 3.2 Fighting
 + Level 12.1 Short Blades
 - Level 5.1 Dodging
 - Level 6.0 Stealth


You had 7 spell levels left.
You didn't know any spells.
Your spell library contained the following spells:

 Spells                   Type           Power      Damage    Failure   Level
 Shock                    Conj/Air       0%         1d3       34%         1
 Ignite Poison            Fire/Tmut/Pois 0%         N/A       71%         3
 Swiftness                Air            0%         N/A       71%         3
 Airstrike                Air            0%         2d(0-16)  98%         4
 Sticky Flame             Conj/Fire      0%         2d3       98%         4
 Ignition                 Fire           0%         3d3       100%        8


Dungeon Overview and Level Annotations

Branches:
Dungeon (6/15) Zot: 26332
 Temple: D:4-7

Altars:
Xom

Shops:
D:1 !   D:5 :

Annotations:
D:3 Natasha
D:5 3 runed translucent doors, Crazy Yiuf


Innate Abilities, Weirdness & Mutations

You are small and have problems with some larger weapons.
You are completely attuned to the shadows.


Message History

The puff of flame misses you.
The puff of flame hits the kobold demonologist.
The kobold demonologist hits you with a +0 dagger.
The kobold demonologist hits you but does no damage.
You climb upwards.
Level annotation: 3 runed translucent doors, Crazy Yiuf
There is a stone staircase leading down here.
As you read the scroll labelled REEDOS NOINA, it crumbles to dust.
Magic quickly surges around you.
It was a scroll of vulnerability.
The kobold demonologist misses you.
The kobold demonologist hits you with a +0 dagger.
The kobold demonologist gestures wildly while chanting.
As you read the scroll labelled FUF CETUXZOTUY, it crumbles to dust.
It is a scroll of identify.
g - a scroll of amnesia The kobold demonologist hits you with a +0 dagger.
The kobold demonologist casts a spell.
The kobold demonologist hits you but does no damage.
The air fills with toxic fumes!
As you read the scroll labelled QOWKYR UQONE, it crumbles to dust.
It was a scroll of poison.
The kobold demonologist barely misses you.
The kobold demonologist hits you with a +0 dagger. x2
The rust devil hits you.
* * * LOW HITPOINT WARNING * * *
The rust devil corrodes you!
The kobold demonologist closely misses you.
The kobold demonologist barely misses you.
The kobold demonologist hits you with a +0 dagger!
* * * LOW HITPOINT WARNING * * *
The rust devil completely misses you.
You climb downwards.
The rust devil disappears in a puff of smoke! x2
There is a stone staircase leading up, spattered with blood here.
The kobold shouts!
The kobold demonologist barely misses you.
The orc wizard casts a spell at you. You resist with some effort.
The kobold brigand hits you with a +0 whip.
You die...

###.# ##.#.### #
##......# ##.K
##.......########o.{.
##...K........##.KK#.
##.............#..K)..#
#....#..K.........#####
.#......KK.......###
.....##.@KK......#
........oK.......###
....#....<.........#
.######....K....##.#
#............#####
##...######......##
#...... #####....
##..###. ##... #..##
###.


You could see 3 kobold demonologists, 2 kobold brigands, an orc wizard and 3
kobolds.

Vanquished Creatures
  Grinder (D:5)
  An ice beast (D:5)
  A black bear (D:5)
  A centaur (D:5)
  Blork the orc (D:6)
  3 phantoms
  5 hounds
  A gnoll bouda (D:6)
  An orc priest (D:6)
  4 iguanas
  A sleepcap (D:4)
  An orc wizard (D:3)
  7 adders
  A white imp (D:2)
  6 worms
  13 orcs
  7 ball pythons
  7 endoplasms
  2 giant cockroaches
  8 goblins
  8 hobgoblins
  6 kobolds
  4 quokkas
  7 bats
  6 frilled lizards
  5 rats
108 creatures vanquished.

Vanquished Creatures (others)
  An orc wizard (D:3)
1 creature vanquished.

Grand Total: 109 creatures vanquished

Notes
Turn   | Place    | Note
-------+----------+-------------------------------------------
     0 | D:1      | holysushi the Kobold Monk began the quest for the Orb.
     0 | D:1      | Reached XP level 1. HP: 14/14 MP: 1/1
    78 | D:1      | Found Sass's Distillery.
   100 | D:1      | Reached XP level 2. HP: 19/19 MP: 2/2
   222 | D:1      | Reached skill level 5 in Short Blades
   425 | D:1      | Reached XP level 3. HP: 23/23 MP: 3/3
   721 | D:1      | Found a faded altar of an unknown god.
   979 | D:2      | Reached skill level 6 in Short Blades
  1011 | D:2      | Reached XP level 4. HP: 28/28 MP: 4/4
  1378 | D:2      | Found a shimmering altar of Xom.
  1626 | D:2      | Reached XP level 5. HP: 26/32 MP: 5/5
  1945 | D:3      | Noticed Natasha
  2170 | D:3      | Identified the +1 robe of Sevich {rPois rF+}
  2357 | D:3      | Reached skill level 7 in Short Blades
  2806 | D:4      | Noticed a phantom
  2836 | D:3      | Killed a phantom
  2837 | D:3      | Reached skill level 5 in Dodging
  2837 | D:3      | Reached XP level 6. HP: 10/37 MP: 6/6
  3091 | D:4      | Reached skill level 8 in Short Blades
  3392 | D:5      | Entered Level 5 of the Dungeon
  3404 | D:5      | Noticed Grinder
  3427 | D:5      | Killed Grinder
  3428 | D:5      | Reached XP level 7. HP: 30/41 MP: 7/7
  3533 | D:5      | Found Ziumouck's Self-Improvement Boutique.
  3577 | D:5      | Reached skill level 9 in Short Blades
  3577 | D:5      | Reached skill level 5 in Stealth
  3643 | D:5      | Reached XP level 8. HP: 42/46 MP: 8/8
  3726 | D:5      | Reached skill level 10 in Short Blades
  3870 | D:5      | Found a large runed translucent door.
  3870 | D:5      | Found a large runed translucent door.
  4057 | D:5      | Found a runed translucent door.
  4060 | D:5      | Noticed Crazy Yiuf
  4671 | D:6      | Reached skill level 11 in Short Blades
  4906 | D:6      | Noticed Blork the orc
  4909 | D:6      | Noticed Eustachio
  4943 | D:6      | Eustachio changed into Eustachio the hound
  4943 | D:6      | Noticed Eustachio
  4953 | D:6      | Killed Eustachio the hound
  5181 | D:6      | Killed Blork the orc
  5182 | D:6      | Reached skill level 12 in Short Blades
  5228 | D:6      | Noticed a kobold demonologist
  5232 | D:6      | Noticed a kobold demonologist
  5293 | D:6      | Noticed a kobold demonologist
  5295 | D:6      | Noticed a sun demon
  5297 | D:5      | Noticed a soul eater
  5297 | D:5      | Noticed a soul eater
  5303 | D:5      | Noticed a rust devil
  5304 | D:5      | Noticed a rust devil
  5307 | D:6      | Slain by a kobold brigand

Illustrated notes

Levels and vault maps discovered:
D:1:      reono_arrival_forest_river, layout_basic,
          ebering_ecumenical_altar_hall, serial_shops, shop
D:2:      layout_loops_ring, basic_altar, hangedman_abyss_or_decor_stabs,
          minmay_misc_feat_plants, minmay_between
D:3:      layout_loops_ring, feat_on_display, uniq_natasha
D:4:      layout_cave_pods, minmay_temple_entry_junction, minmay_manual_mail
D:5:      layout_basic, ebering_ghost_disaster_area, nicolae_shop_self_help,
          uniq_grinder, uniq_crazy_yiuf_cottage
D:6:      layout_rooms, chequers_serial_rivers_large_a, nrook_mini_backslash,
          kennysheep_generic_room_15, uniq_blork_the_orc, uniq_eustachio

Skill      XL: |  1  2  3  4  5  6  7  8 |
---------------+-------------------------+-----
Short Blades   | 5 6 7 8 9 12 | 12.1
Dodging        | 4 5 |  5.1
Stealth        | 4 6 |  6.0
Fighting       | |  3.2

Action                     |  1- 3 |  4- 6 |  7- 9 || total
---------------------------+-------+-------+-------++-------
  Melee: Short sword       |    88 |   240 |    15 ||   343
         Punch             |       |     2 |       ||     2
         Dagger            |       |       |   137 ||   137
         Falchion          |       |       |    38 ||    38
   Fire: Shortbow          |       |       |    12 ||    12
  Evoke: Wand              |       |       |     2 ||     2
    Use: Potion            |       |     8 |     2 ||    10
         Scroll            |       |       |     3 ||     3
   Stab: Sleeping          |    16 |    12 |     4 ||    32
         Distracted        |     1 |       |       ||     1
 Armour: Robe              |     9 |    19 |    27 ||    55
  Dodge: Dodged            |    53 |   162 |   150 ||   365

Table legend: (Time is in decaauts)
 A = Elapsed time spent in this place.
 B = Non-inter-level travel time spent in this place.
 C = Inter-level travel time spent in this place.
 D = Time resting spent in this place.
 E = Time spent auto-exploring this place.
 F = Levels seen in this place.
 G = Mean time per level.
                   A        B        C        D        E       F      G
               +--------+--------+--------+--------+--------+-----+--------+
         Total |   5155 |   4956 |    199 |    808 |   2933 |   6 |  859.2 |
       Dungeon |   5155 |   4956 |    199 |    808 |   2933 |   6 |  859.2 |
               +--------+--------+--------+--------+--------+-----+--------+

Top non-repeatable levels by time:
     D:5: 1237 daAuts
     D:2: 1136 daAuts
     D:3: 1023 daAuts
     D:1: 896 daAuts
     D:6: 610 daAuts
     D:4: 251 daAuts
